 Dungeon Crawl Stone Soup version 0.26-a0-712-ga5a9c9c9d0 (webtiles) character file.

Game seed: 15760497537720135587

727 mattiecakes the Covered (level 7, -13/57 HPs)
             Began as a Barachi Fighter on Nov 1, 2020.
             Mangled by an ogre
             ... wielding a +0 giant club
              (28 damage)
             ... on level 5 of the Dungeon.
             The game lasted 00:09:06 (4979 turns).

mattiecakes the Covered (Barachi Fighter)           Turns: 4979, Time: 00:09:08

Health: -13/57     AC: 11    Str: 19    XL:     7   Next: 72%
Magic:  7/7        EV:  9    Int:  9    God:
Gold:   139        SH:  9    Dex:  9    Spells: 6/6 levels left

rFire    . . .     SeeInvis .   a - +0 war axe
rCold    . . .     Faith    .   c - +0 kite shield
rNeg     + . .     Spirit   .   b - +0 scale mail
rPois    .         Reflect  .   (no helmet)
rElec    .         Harm     .   v - +0 cloak
rCorr    .         Rampage  .   o - +0 pair of gloves
MR       .....     Clarity  +   k - +0 pair of boots Stlth ..........Rnd*Tele +
                                (no amulet)
HPRegen  0.19/turn              e - ring of teleportation (curse)
MPRegen  0.10/turn              p - ring of positive energy

@: marked, flying, slow
A: +LOS, swims, clarity, clumsy 1, slowness 1, strong legs 1
a: Hop


You were on level 5 of the Dungeon.
You visited 1 branch of the dungeon, and saw 5 of its levels.

You collected 139 gold pieces.

Inventory:

Hand Weapons
 a - a +0 war axe (weapon)
Armour
 b - a +0 scale mail (worn)
 c - a +0 kite shield (worn)
 k - a +0 pair of boots (worn)
 o - a +0 pair of gloves (worn)
 v - a +0 cloak (worn)
Jewellery
 e - a cursed ring of teleportation (left hand)
 h - an uncursed ring of wizardry
 p - a ring of positive energy (right hand)
Wands
 r - a wand of disintegration (14)
Scrolls
 l - a scroll of identify
 m - 2 scrolls of enchant weapon {unknown}
 q - a scroll of remove curse {unknown}
 s - 4 scrolls of immolation {unknown}
 t - a scroll of noise {unknown}
Potions
 d - 2 potions of might
 f - 2 potions of brilliance
 g - a potion of curing
 i - a potion of invisibility


   Skills:
 + Level 5.7 Fighting
 + Level 4.5 Axes
 + Level 5.7 Armour
 + Level 3.7 Dodging
 + Level 5.1 Shields


You had 6 spell levels left.
You didn't know any spells.
Your spell library was empty.

Dungeon Overview and Level Annotations

Branches:
Dungeon (5/15)
 Temple: D:4-7

Altars:
Cheibriados
Gozag
Hepliaklqana
Makhleb
Xom
Yredelemnul

Shops:
D:4 =

Annotations:
D:5 Sigmund


Innate Abilities, Weirdness & Mutations

You can be seen from farther away. (+LOS)
You can swim through water.
You cover ground slowly.
You can hop short distances.
You possess an exceptional clarity of mind.
You are clumsy. (Dex -2)


Message History

You feel very buoyant.
You fly up into the air.
The ogre hits you with a +0 giant club.
* * * LOW HITPOINT WARNING * * *
It was a potion of heal wounds.
You feel much better. The ogre hits you with a +0 giant club!
* * * LOW HITPOINT WARNING * * *
You feel better. The adder completely misses you.
The ogre hits you with a +0 giant club!
* * * LOW HITPOINT WARNING * * *
You block the adder's attack.
You feel better.
A quokka comes into view.
You block the adder's attack.
The quokka moves out of view.
You hit the ogre.
The ogre is moderately wounded.
You closely miss the adder. The ogre barely misses you.
The adder bites you but does no damage. You block the adder's attack.
Sigmund the Dreaded comes into view.
He is wielding a +0 scythe.
The ogre hits you with a +0 giant club!!
You die...

#.# ##......
#..###.....
###.......#
..........#
####.....h#
#......#
#...@oo#
#....ho######
#..(.oBO@S..#
###########.#


You could see Sigmund, an ogre, a hound, a worker ant, an adder and 3 orcs.

Vanquished Creatures
  Edmund (D:5)
  A centaur (D:4)
  A howler monkey (D:4)
  An orc priest (D:2)
  Crazy Yiuf (D:4)
  A bullfrog skeleton (D:4)
  2 orc wizards (D:4)
  A gnoll shaman (D:4)
  Natasha (thrice) (D:2)
  Robin (D:4)
  5 gnolls (D:4)
  5 adders
  A white imp (D:5)
  4 oozes
  6 worms
  4 dart slugs
  4 leopard geckos
  12 orcs
  A ball python (D:2)
  4 bats
  3 giant cockroaches
  19 goblins
  4 hobgoblins
  4 kobolds
  2 quokkas
  5 frilled lizards
  6 rats
102 creatures vanquished.

Vanquished Creatures (others)
  4 toadstools (D:1)
4 creatures vanquished.

Grand Total: 106 creatures vanquished

Notes
Turn   | Place    | Note
-------+----------+-------------------------------------------
     0 | D:1      | mattiecakes the Barachi Fighter began the quest for the
                  | Orb.
     0 | D:1      | Reached XP level 1. HP: 18/18 MP: 1/1
    96 | D:1      | Reached XP level 2. HP: 25/25 MP: 2/2
   329 | D:1      | Reached skill level 1 in Dodging
   329 | D:1      | Reached XP level 3. HP: 25/30 MP: 3/3
   900 | D:2      | Noticed Natasha
   904 | D:2      | Killed Natasha
   904 | D:2      | Reached XP level 4. HP: 35/37 MP: 4/4
  1000 | D:2      | Reached XP level 5. HP: 9/43 MP: 5/5
  1051 | D:2      | Noticed Natasha
  1060 | D:2      | Gained mutation: You are clumsy. (Dex -2) [potion of
                  | mutation]
  1060 | D:2      | Gained mutation: You possess an exceptional clarity of
                  | mind. [potion of mutation]
  1069 | D:2      | Killed Natasha
  1373 | D:2      | Noticed Natasha
  1387 | D:2      | Killed Natasha
  1622 | D:2      | Found a shimmering altar of Xom.
  1624 | D:2      | Found a burning altar of Makhleb.
  1718 | D:2      | Found an opulent altar of Gozag.
  1767 | D:3      | Found a hazy altar of Hepliaklqana.
  2129 | D:3      | Found a snail-covered altar of Cheibriados.
  2328 | D:3      | Reached XP level 6. HP: 47/49 MP: 6/6
  2725 | D:4      | Reached skill level 5 in Armour
  2760 | D:4      | Reached skill level 5 in Fighting
  3018 | D:4      | Reached XP level 7. HP: 30/56 MP: 7/7
  3053 | D:4      | Noticed Robin
  3271 | D:4      | Killed Robin
  3456 | D:4      | Found Qauxutyl's Jewellery Boutique.
  4025 | D:4      | Found a basalt altar of Yredelemnul.
  4138 | D:4      | Found a runed translucent door.
  4139 | D:4      | Noticed Crazy Yiuf
  4636 | D:4      | Killed Crazy Yiuf
  4843 | D:5      | Entered Level 5 of the Dungeon
  4891 | D:5      | Noticed Edmund
  4902 | D:5      | Killed Edmund
  4902 | D:5      | Reached skill level 5 in Shields
  4979 | D:5      | Noticed Sigmund
  4979 | D:5      | Mangled by an ogre

Illustrated notes

Levels and vault maps discovered:
D:1:      ldierk_water_garden, layout_basic, dk_noncrumbling_3
D:2:      layout_rooms, nicolae_overflow_hidden_temple, grunt_gozag_statues,
          kennysheep_generic_room_3, uniq_natasha
D:3:      layout_loops_ring, marbit_many_paths, nicolae_overflow_crystal_walls
D:4:      layout_basic, lemuel_doored_altar, serial_shops, shop, uniq_robin,
          uniq_crazy_yiuf_cottage
D:5:      layout_basic, nemelex_spade_bored_becter, uniq_edmund, uniq_sigmund

Skill      XL: |  1  2  3  4  5  6  7 |
---------------+----------------------+-----
Dodging        | 1 2 3 |  3.7
Fighting       | 4 5 |  5.7
Armour         | 4 5 |  5.7
Axes           | 3 4 |  4.5
Shields        | 4 5 |  5.1

Action                   |  1- 3 |  4- 6 |  7- 9 || total
-------------------------+-------+-------+-------++-------
Melee: War axe           |    65 |   200 |    97 ||   362
  Use: Potion            |       |     5 |     5 ||    10
       Scroll            |       |     5 |       ||     5
Armor: Scale mail        |    31 |    97 |    56 ||   184
       Skin              |       |    47 |       ||    47
Dodge: Dodged            |    14 |    87 |    43 ||   144
Block: Kite shield       |    42 |   110 |    63 ||   215

Table legend: (Time is in decaauts)
 A = Elapsed time spent in this place.
 B = Non-inter-level travel time spent in this place.
 C = Inter-level travel time spent in this place.
 D = Time resting spent in this place.
 E = Time spent auto-exploring this place.
 F = Levels seen in this place.
 G = Mean time per level.
                   A        B        C        D        E       F      G
               +--------+--------+--------+--------+--------+-----+--------+
         Total |   5642 |   5494 |    148 |   1145 |   3454 |   5 | 1128.4 |
       Dungeon |   5642 |   5494 |    148 |   1145 |   3454 |   5 | 1128.4 |
               +--------+--------+--------+--------+--------+-----+--------+

Top non-repeatable levels by time:
     D:4: 2203 daAuts
     D:3: 1249 daAuts
     D:2: 1098 daAuts
     D:1: 948 daAuts
     D:5: 143 daAuts
